 Dungeon Crawl Stone Soup version 0.30-a0-718-geaa24f58ff (webtiles) character file.

Game seed: 10293171802755552484

721 demibob the Carver (level 7, -1/93 HPs)
             Began as a Naga Berserker on Jan 26, 2023.
             Was a Believer of Trog.
             Slain by a gnoll
             ... wielding a +0 spear
             ... led by a gnoll bouda
              (3 damage)
             ... on level 5 of the Dungeon.
             The game lasted 00:06:27 (5097 turns).

demibob the Carver (Naga Berserker)                 Turns: 5097, Time: 00:06:28

Health: -1/93      AC:  7    Str: 21    XL:     7   Next: 71%
Magic:  7/7        EV:  9    Int:  8    God:    Trog [**....]
Gold:   142        SH:  0    Dex: 10    Spells: 6/6 levels left

rFire   . . .      SeeInvis +    a - +2 falchion
rCold   . . .      Faith    .    (no shield)
rNeg    . . .      Spirit   .    b - +1 animal skin
rPois   +          Reflect  .    m - +2 hat
rElec   .          Harm     .    f - scarf {repulsion}
rCorr   .          Rampage  .    n - +0 pair of gloves
Will    +....                    (no barding) Stlth
                                 (no amulet)
HPRegen 0.35/turn                W - ring of willpower
MPRegen 0.10/turn                L - ring of flight

@: berserking, flying, repel missiles, quick
A: AC +2, large, see invisible, deformed body, poison resistance, slowness 2,
spit poison 1, naga tail 1
a: Spit Poison, Renounce Religion, Berserk, Trog's Hand


You were on level 5 of the Dungeon.
You worshipped Trog.
Trog was pleased with you.
You visited 1 branch of the dungeon, and saw 5 of its levels.

You collected 198 gold pieces.
You spent 56 gold pieces at shops.


Innate Abilities, Weirdness & Mutations

Your serpentine skin is tough. (AC +2)
You have supernaturally acute eyesight. (SInv)
Armour fits poorly on your strangely shaped body.
Your system is resistant to poisons. (rPois)
You cover ground very slowly.
You can spit poison.
You have a snake-like lower body.


   Skills:
 - Level 3.0 Fighting
 + Level 8.8 Long Blades
 - Level 1.5 Armour
 - Level 1.5 Dodging


You had 6 spell levels left.
You didn't know any spells.
Your spell library was empty.

Inventory:

Hand Weapons
 a - a +2 falchion (weapon)
Armour
 b - a +1 animal skin (worn)
 f - a scarf of repulsion (worn)
 m - a +2 hat (worn)
 n - a +0 pair of gloves (worn)
Jewellery
 w - a ring of willpower
 L - a ring of flight (right hand)
 W - a ring of willpower (left hand)
Wands
 e - a wand of flame (40)
 o - a wand of charming (6)
Scrolls
 j - 2 scrolls of fog
 l - a scroll of enchant armour
Potions
 c - 2 potions of curing {@q1}
 d - a potion of attraction
 g - 2 potions of haste {@q3}
 h - a potion of flight {unknown}
 i - a potion of invisibility
 k - a potion of lignification

Dungeon Overview and Level Annotations

Branches:
Dungeon (5/15)             Temple (0/1) D:4

Altars:

Shops:
D:4

* ###### #..... #.####
#### #.# #.. #.# #.# #.#
#.# #.# #@# #.# #g# #.# .
. #g# #.#####.#
....####.## #.#.....#
g..gg.....# #.#.########
...#......####.#.#.......
.........................
###.........##.#.#.......
##..###.).##.#.#...(...


You could see 2 gnolls.


Message History

A red film seems to cover your vision as you go berserk!
You feel yourself moving faster!
You feel mighty!
The gnoll hits you from afar with a +0 spear!
* * * LOW HITPOINT WARNING * * *
The gnoll bouda hits you with a +0 war axe!
* * * LOW HITPOINT WARNING * * *
You hit the gnoll bouda.
The gnoll bouda is moderately wounded.
The gnoll hits you from afar with a +0 spear.
* * * LOW HITPOINT WARNING * * *
You hit the gnoll bouda.
The gnoll bouda is severely wounded.
The gnoll hits you from afar with a +0 spear.
* * * LOW HITPOINT WARNING * * *
The gnoll bouda hits you with a +0 war axe!
* * * LOW HITPOINT WARNING * * *
You slash the gnoll bouda!
You kill the gnoll bouda!
Trog accepts your kill. The gnoll hits you but does no damage.
Your attacks no longer feel as feeble.
The gnoll hits you with a +0 spear.
* * * LOW HITPOINT WARNING * * *
The gnoll hits you from afar with a +0 spear.
* * * LOW HITPOINT WARNING * * *
Items here: $ )) ? [ †.
You slash the gnoll!
The gnoll is severely wounded.
The gnoll hits you with a +0 spear.
You die...

Skill      XL: |  1  2  3  4  5  6  7 |
---------------+----------------------+-----
Long Blades    | 4 5 6 7 8 |  8.8
Fighting       | |  3.0
Armour         | |  1.5
Dodging        | |  1.5

Action                     |  1- 3 |  4- 6 |  7- 9 || total
---------------------------+-------+-------+-------++-------
  Melee: Falchion          |   142 |   210 |    56 ||   408
         Punch             |     1 |     1 |       ||     2
 Invoke: Berserk           |       |     1 |     2 ||     3
Ability: Spit Poison       |     1 |     7 |     3 ||    11
    Use: Scroll            |     5 |     8 |     4 ||    17
         Potion            |       |       |     1 ||     1
   Stab: Sleeping          |     2 |       |       ||     2
 Armour: Animal skin       |    34 |    53 |    11 ||    98
  Dodge: Dodged            |    77 |    85 |    24 ||   186
         Repelled          |       |     2 |       ||     2

Levels and vault maps discovered:
D:1:      kennysheep_arrival_seaside, layout_basic, serial_curves,
          eino_curves_03, eino_curves_03, eino_curves_03
D:2:      minmay_spotlight, layout_basic, dk_vineyard_2, nrook_mini_vaults,
          minmay_pentomino_pile, uniq_terence
D:3:      layout_loops_ring
D:4:      layout_basic, minmay_temple_entry_poolview, serial_shops,
          nicolae_shop_trees, minmay_misc_feat_ornament
D:5:      minmay_diamond_boxcup, layout_basic

Notes
Turn   | Place    | Note
-------+----------+-------------------------------------------
     0 | D:1      | demibob the Naga Berserker began the quest for the Orb.
     0 | D:1      | Reached XP level 1. HP: 21/21 MP: 1/1
   255 | D:1      | Reached XP level 2. HP: 21/28 MP: 2/2
   995 | D:1      | Reached skill level 4 in Long Blades
  1228 | D:2      | Reached XP level 3. HP: 21/34 MP: 3/3
  1580 | D:2      | Reached XP level 4. HP: 38/42 MP: 4/4
  1676 | D:2      | Reached ** piety under Trog
  1691 | D:2      | Reached skill level 5 in Long Blades
  1885 | D:2      | Noticed Terence
  1894 | D:2      | Killed Terence
  2151 | D:2      | Reached XP level 5. HP: 43/49 MP: 5/5
  2315 | D:2      | Identified a scarf of resistance
  3239 | D:3      | Reached skill level 6 in Long Blades
  3597 | D:4      | Reached XP level 6. HP: 24/54 MP: 6/6
  3733 | D:4      | HP: 4/84 [wight/+2 falchion (6)]
  3734 | D:4      | Reached skill level 7 in Long Blades
  4242 | D:4      | Found Uttoprer's General Store.
  4250 | D:4      | Bought a scroll of identify for 28 gold pieces
  4250 | D:4      | Bought a scroll of identify for 28 gold pieces
  4280 | D:4      | Reached XP level 7. HP: 53/62 MP: 7/7
  4319 | D:4      | Found a staircase to the Ecumenical Temple.
  4600 | D:5      | Entered Level 5 of the Dungeon
  4685 | D:5      | Reached skill level 8 in Long Blades
  5096 | D:5      | HP: 7/93 [gnoll/+0 spear[a gnoll bouda] (3)]
  5096 | D:5      | HP: 1/93 [gnoll/+0 spear[a gnoll bouda] (6)]
  5097 | D:5      | Slain by a gnoll

Vanquished Creatures
  An ogre (D:5)
  A necrophage (D:5)
  A scorpion (D:5)
  4 wights (D:4)
  A gnoll bouda (D:5)
  2 iguanas (D:4)
  Terence (D:2)
  A gnoll (D:5)
  9 adders
  2 worms (D:2)
  2 dart slugs
  6 orcs
  8 ball pythons
  9 endoplasms
  4 goblins
  9 hobgoblins
  3 jackals (D:2)
  5 kobolds
  5 quokkas
  5 bats
  4 frilled lizards
  6 rats
89 creatures vanquished.

Vanquished Creatures (others)
  An orc wizard (D:5)
1 creature vanquished.

Grand Total: 90 creatures vanquished

Table legend: (Time is in decaauts)
 A = Elapsed time spent in this place.
 B = Non-inter-level travel time spent in this place.
 C = Inter-level travel time spent in this place.
 D = Time resting spent in this place.
 E = Time spent auto-exploring this place.
 F = Levels seen in this place.
 G = Mean time per level.
                   A        B        C        D        E       F      G
               +--------+--------+--------+--------+--------+-----+--------+
         Total |   6224 |   6003 |    221 |    511 |   4590 |   5 | 1244.8 |
       Dungeon |   6224 |   6003 |    221 |    511 |   4590 |   5 | 1244.8 |
               +--------+--------+--------+--------+--------+-----+--------+

Top non-repeatable levels by time:
     D:2: 1566 daAuts
     D:1: 1539 daAuts
     D:4: 1374 daAuts
     D:3: 1176 daAuts
     D:5: 568 daAuts

Table legend:
 A = Non-vault XP
 B = Vault XP
 C = Vault XP percentage of total XP
 D = Non-vault monster count
 E = Vault monster count
 F = Vault count percentage of total count
                 A         B        C        D         E       F
            +---------+---------+-------+---------+---------+-------
      Total |     954 |      77 |   7.5 |      80 |      10 |  11.1
            +---------+---------+-------+---------+---------+-------
        D:1 |      30 |       0 |   0.0 |      18 |       0 |   0.0
        D:2 |      77 |      77 |  50.0 |      22 |      10 |  31.2
        D:3 |      66 |       0 |   0.0 |      19 |       0 |   0.0
        D:4 |     375 |       0 |   0.0 |       9 |       0 |   0.0
        D:5 |     406 |       0 |   0.0 |      12 |       0 |   0.0
            +---------+---------+-------+---------+---------+-------
